 Dungeon Crawl Stone Soup version 0.23-a0-451-g1044d4c (webtiles) character file.

92 rgaf the Chopper (level 4, -1/64 HPs)
             Began as a Naga Berserker on Nov 24, 2018.
             Was a Believer of Trog.
             Slain by Natasha (6 damage)
             ... on level 3 of the Dungeon.
             The game lasted 00:01:10 (2244 turns).

rgaf the Chopper (Naga Berserker)                   Turns: 2244, Time: 00:01:10

Health: -1/64      AC:  3    Str: 25    XL:     4   Next: 60%
Magic:  4/4        EV: 10    Int:  8    God:    Trog [**....]
Gold:   106        SH:  0    Dex: 10    Spells: 3/3 levels left

rFire    . . .     SeeInvis +   a - +0 hand axe
rCold    . . .     Gourm    .   (no shield)
rNeg     . . .     Faith    .   b - +0 animal skin
rPois    +         Spirit   .   (no helmet)
rElec    .         Reflect  .   (no cloak)
rCorr    .         Harm     .   l - +0 pair of gloves
MR       .....                  (no barding)
Stlth    ..........             (no amulet)
HPRegen  0.20/turn              (no ring)
MPRegen  0.09/turn              (no ring)

@: berserking, slowed, very slow
A: large, see invisible, deformed body, poison resistance, slowness 2, slow
metabolism 1, spit poison 1, AC +1
a: Spit Poison, Berserk, Trog's Hand, Renounce Religion


You were on level 3 of the Dungeon.
You worshipped Trog.
Trog was pleased with you.
You were near starving.

You visited 1 branch of the dungeon, and saw 3 of its levels.

You collected 106 gold pieces.

Inventory:

Hand Weapons
 a - a +0 hand axe (weapon)
Armour
 b - a +0 animal skin (worn)
 l - a +0 pair of gloves (worn)
Jewellery
 d - an uncursed ring of ice {unknown}
Wands
 o - a wand of flame (16)
Scrolls
 f - a scroll of blinking {unknown}
 g - a scroll of fear {unknown}
 i - a scroll of remove curse {unknown}
 m - 3 scrolls of enchant weapon {unknown}
 n - a scroll of enchant armour {unknown}
 p - a scroll of magic mapping {unknown}
Potions
 e - a potion of brilliance {unknown}
 h - a potion of curing {unknown}
 j - a potion of heal wounds {unknown}
 k - a potion of ambrosia {unknown}
Comestibles
 c - 6 rations


   Skills:
 + Level 3.6 Fighting
 * Level 4.2 Axes
 + Level 2.3 Armour
 - Level 1.5 Dodging


You had 3 spell levels left.
You didn't know any spells.
Your spell library was empty.

Dungeon Overview and Level Annotations

Branches:
Dungeon (3/15)

Altars:
Ru
Xom
Yredelemnul

Annotations:
D:3 Natasha


Innate Abilities, Weirdness & Mutations

You cannot wear boots.
Your serpentine skin is tough. (AC +1)
You have supernaturally acute eyesight. (SInv)
Armour fits poorly on your strangely shaped body.
Your system is resistant to poisons. (rPois)
You cover ground very slowly.
You have a slow metabolism.
You can spit poison.


Message History

You feel yourself slow down.
A red film seems to cover your vision as you go berserk!
You feel yourself moving faster!
You feel mighty!
You are near starving!
Natasha claws you.
You hit Natasha.
Natasha is heavily wounded.
Natasha zaps a wand.
The puff of flame hits you!
* * * LOW HITPOINT WARNING * * *
You barely miss Natasha.
Natasha is heavily wounded.
Natasha barely misses you.
Natasha zaps a wand.
The puff of flame hits you!
* * * LOW HITPOINT WARNING * * *
You are too injured to fight recklessly!
You closely miss Natasha.
Natasha is heavily wounded.
Natasha howls an incantation.
You feel disoriented. Natasha claws you.
You die...

#.# #....# #.#
#....#..#.# #.#
#....##.#.# #.#
#....##.#.# #.#
#....# ...# #.#
#....# #..# #.#
#....# ..#
#.#####....# #h##
#..........# #@.#
#........######..##
#........'........#
##.......######$..#
#.......# ##..#
#.......# ..#
######### #..# ..#
..#


You could see Natasha.

Vanquished Creatures
  Ijyb (D:3)
  2 adders
  2 oozes
  A dart slug (D:3)
  An orc (D:3)
  2 giant cockroaches
  8 goblins
  2 hobgoblins (D:1)
  A ball python (D:2)
  8 bats
  5 frilled lizards
  7 kobolds
  2 rats
42 creatures vanquished.

Notes
Turn   | Place    | Note
-------+----------+-------------------------------------------
     0 | D:1      | rgaf the Naga Berserker began the quest for the Orb.
     0 | D:1      | Reached XP level 1. HP: 21/21 MP: 1/1
   186 | D:1      | Reached XP level 2. HP: 16/28 MP: 2/2
  1237 | D:2      | Reached XP level 3. HP: 34/34 MP: 3/3
  1479 | D:2      | Reached ** piety under Trog
  1604 | D:2      | Found a basalt altar of Yredelemnul.
  1604 | D:2      | Found a shimmering altar of Xom.
  1606 | D:2      | Found a sacrificial altar of Ru.
  1916 | D:3      | Noticed Ijyb
  1928 | D:3      | Killed Ijyb
  1928 | D:3      | Reached skill level 4 in Axes
  1928 | D:3      | Reached XP level 4. HP: 42/42 MP: 4/4
  2236 | D:3      | Noticed Natasha
  2244 | D:3      | Slain by Natasha

Vault maps used:
D:1:      minmay_arrival_open_corners
D:2:      gammafunk_temple_overflow_forgotten, chequers_serial_rivers_micro_a
D:3:      uniq_natasha, uniq_grinder, uniq_ijyb

Skill      XL: |  1  2  3 |
---------------+----------+-----
Armour         | 2 |  2.3
Axes           | 4 |  4.2
Fighting       | |  3.6
Dodging        | |  1.5

Action                   |  1- 3 |  4- 6 || total
-------------------------+-------+-------++-------
Melee: Hand axe          |   106 |    37 ||   143
Invok: Berserk           |     2 |     1 ||     3
 Stab: Sleeping          |     1 |       ||     1
  Eat: Chunk             |     3 |     1 ||     4
Armor: Animal skin       |    22 |     8 ||    30
Dodge: Dodged            |    61 |    15 ||    76

Table legend:
 A = Non-vault XP
 B = Vault XP
 C = Vault XP percentage of total XP
 D = Non-vault monster count
 E = Vault monster count
 F = Vault count percentage of total count
                 A         B        C        D         E       F
            +---------+---------+-------+---------+---------+-------
      Total |      96 |      36 |  27.3 |      41 |       1 |   2.4
            +---------+---------+-------+---------+---------+-------
        D:1 |      29 |       0 |   0.0 |      19 |       0 |   0.0
        D:2 |      37 |       0 |   0.0 |      15 |       0 |   0.0
        D:3 |      30 |      36 |  54.5 |       7 |       1 |  12.5
            +---------+---------+-------+---------+---------+-------
